 Dungeon Crawl Stone Soup version 0.24.0-13-gcf9b319 (webtiles) character file.

Game seed: 11104753115922088085, levelgen mode: deterministic

385 Bronimir the Slasher (level 6, -5/50 HPs)
             Began as a Centaur Gladiator on Apr 29, 2020.
             Killed by nerve-wracking pain
             ... invoked by Grinder
              (12 damage)
             ... while paralysed by Grinder
             ... on level 5 of the Dungeon.
             The game lasted 00:03:53 (3742 turns).

Bronimir the Slasher (Centaur Gladiator)            Turns: 3742, Time: 00:03:54

Health: -5/50      AC:  9    Str: 18    XL:     6   Next: 48%
Magic:  6/6        EV:  1    Int:  7    God:
Gold:   181        SH:  0    Dex: 11    Spells: 5/5 levels left

rFire    . . .     SeeInvis .   a - +4 quarterstaff (chaos)
rCold    + . .     Gourm    .   (shield currently unavailable)
rNeg     . . .     Faith    +   E - +0 scale mail
rPois    .         Spirit   .   c - +0 helmet
rElec    .         Reflect  .   r - +1 cloak
rCorr    .         Harm     .   (no gloves)
MR       .....                  (no barding)
Stlth    ..........             D - amulet of faith (curse)
HPRegen  0.16/turn              g - ring of protection from cold
MPRegen  0.10/turn              (no ring)

@: paralysed, very quick
A: large, hooves 3, deformed body, speed 2, tough skin 3
a: no special abilities


You were on level 5 of the Dungeon.
You were not hungry.

You visited 1 branch of the dungeon, and saw 5 of its levels.

You collected 181 gold pieces.

Inventory:

Hand Weapons
 a - a +4 quarterstaff of chaos (weapon)
 v - a +0 long sword
Missiles
 d - 3 throwing nets (quivered)
 h - 115 stones
 n - 9 bolts
 o - 8 arrows
 y - 6 poisoned darts
Armour
 b - a +0 leather armour
 c - a +0 helmet (worn)
 r - a +1 cloak (worn)
 u - a +0 ring mail
 E - a +0 scale mail (worn)
Jewellery
 g - a ring of protection from cold (left hand)
 s - an uncursed ring of fire
 D - a cursed amulet of faith (around neck)
Scrolls
 e - 10 scrolls of identify {unknown}
 i - 4 scrolls of teleportation {unknown}
 l - a scroll of fear {unknown}
 m - a scroll of remove curse {unknown}
 t - a scroll of amnesia {unknown}
 z - 2 scrolls of blinking {unknown}
 A - a scroll of random uselessness {unknown}
 B - a scroll of enchant armour {unknown}
Potions
 j - a potion of brilliance {unknown}
 k - a potion of degeneration {unknown}
 p - 4 potions of heal wounds {unknown}
 q - a potion of haste {unknown}
 w - a potion of curing {unknown}
 x - a potion of lignification {unknown}
Comestibles
 f - 8 rations
 C - a chunk of flesh


   Skills:
 * Level 2.9 Fighting
 + Level 3.8 Long Blades
 * Level 2.7 Staves
 + Level 2.4 Throwing
 * Level 2.0 Armour
 * Level 3.0 Dodging
 + Level 0.1 Stealth


You had 5 spell levels left.
You didn't know any spells.
Your spell library was empty.

Dungeon Overview and Level Annotations

Branches:
Dungeon (5/15)
 Temple: D:4-7

Altars:
Gozag
The Shining One

Annotations:
D:3 2 transporters, pgiattino's ghost, amateur DEFE
D:5 Grinder


Innate Abilities, Weirdness & Mutations

You have hooves in place of feet.
Armour fits poorly on your strangely shaped body.
You cover ground very quickly.
You have extremely tough skin. (AC +3)


Message History

You hit Grinder.
Grinder seems to slow down.
You kick Grinder, but do no damage.
Grinder is almost dead.
Grinder is no longer moving slowly.
You barely miss Grinder.
Grinder is almost dead.
Grinder hits you but does no damage. Grinder gestures at you.
You suddenly lose the ability to move!
Grinder hits you.
* * * LOW HITPOINT WARNING * * *
Grinder gestures at you. You resist with significant effort. Grinder hits you.
* * * LOW HITPOINT WARNING * * *
You writhe in agony.
* * * LOW HITPOINT WARNING * * *
Grinder gestures at you. Pain shoots through your body!
You die...

..# ##.#...##..#
### #.#.#....#
#.#....###
#......##
#..#.#..##
#..#.##.$# #
#..#.##.>#####.#.##
#......#..[........
..........@..###.
......$...†5.#
..........>.....
......##.##.#.....
##.### #.# .#.[...
#. ... .. ?... #
#.#. ... ... #. ...
...


You could see Grinder.

Vanquished Creatures
  An ogre (D:4)
  A hound (D:4)
  2 orc priests
  Crazy Yiuf (D:2)
  3 worker ants
  3 adders
  An ooze (D:1)
  2 worms (D:3)
  A dart slug (D:2)
  3 leopard geckos
  7 orcs
  A giant cockroach (D:1)
  8 goblins
  5 hobgoblins
  7 jackals
  2 quokkas (D:3)
  2 ball pythons
  A ball python skeleton (D:4)
  7 bats
  3 frilled lizards
  6 kobolds
  A quokka skeleton (D:5)
  6 rats
74 creatures vanquished.

Notes
Turn   | Place    | Note
-------+----------+-------------------------------------------
     0 | D:1      | Bronimir the Centaur Gladiator began the quest for the Orb.
     0 | D:1      | Reached XP level 1. HP: 17/17 MP: 1/1
   122 | D:1      | Reached XP level 2. HP: 22/24 MP: 2/2
   821 | D:2      | Reached XP level 3. HP: 25/29 MP: 3/3
  1077 | D:2      | Found a glowing golden altar of the Shining One.
  1117 | D:2      | Found a runed translucent door.
  1118 | D:2      | Noticed Crazy Yiuf
  1404 | D:2      | Killed Crazy Yiuf
  1404 | D:2      | Reached XP level 4. HP: 2/37 MP: 1/4
  1950 | D:3      | Reached skill level 1 in Armour
  2194 | D:3      | Reached XP level 5. HP: 42/42 MP: 5/5
  2229 | D:3      | Found a transporter.
  2230 | D:3      | Noticed pgiattino's ghost (amateur DEFE)
  2248 | D:3      | Found a transporter.
  2258 | D:3      | Noticed a necrophage
  2620 | D:4      | Reached skill level 1 in Staves
  2653 | D:4      | Noticed an ogre
  2657 | D:4      | HP: 1/42 [ogre/+0 giant club (16)]
  2960 | D:4      | Killed an ogre
  3271 | D:4      | Reached XP level 6. HP: 45/50 MP: 6/6
  3561 | D:5      | Entered Level 5 of the Dungeon
  3574 | D:5      | Found an opulent altar of Gozag.
  3722 | D:5      | Noticed Grinder
  3724 | D:5      | Paralysed by Grinder for 4 turns
  3733 | D:5      | Paralysed by Grinder for 3 turns
  3738 | D:5      | Paralysed by Grinder for 7 turns
  3742 | D:5      | Killed from afar by Grinder

Levels and vault maps discovered:
D:1:      psy_arrival_dodecagon, layout_loops_ring
D:2:      layout_basic, nicolae_tso_carved_into_rock, uniq_crazy_yiuf_cottage
D:3:      layout_basic, gammafunk_ghost_mausoleum
D:4:      layout_loops_ring, first_ration, minmay_misc_feat_nine_boxes
D:5:      layout_rooms, minitemple, ebering_ghost_reflecting_pool, serial_shops,
          shop, grunt_gozag_breadcrumbs, uniq_grinder

Skill      XL: |  1  2  3  4  5  6 |
---------------+-------------------+-----
Long Blades    | 3 |  3.8
Armour         | 1 2 |  2.0
Staves         | 2 |  2.7
Dodging        | 3 |  3.0
Fighting       | |  2.9
Throwing       | |  2.4
Stealth        | |  0.1

Action                   |  1- 3 |  4- 6 || total
-------------------------+-------+-------++-------
Melee: Long sword        |    74 |       ||    74
       Kick              |    19 |    23 ||    42
       Quarterstaff      |       |    91 ||    91
 Stab: Paralysed         |       |     2 ||     2
  Eat: Chunk             |       |     7 ||     7
Armor: Leather armour    |    36 |       ||    36
       Ring mail         |       |    40 ||    40
       Scale mail        |       |     7 ||     7
Dodge: Dodged            |    28 |    69 ||    97
       Rpst.: Long sword |     8 |       ||     8
